 Dungeon Crawl Stone Soup version 0.25-a0-578-gc91f01c39c (webtiles) character file.

Game seed: 14488990602456179624, levelgen mode: deterministic

406 An17 the Sneak (level 6, -8/34 HPs)
             Began as a Vampire Enchanter on Mar 5, 2020.
             Was a Follower of Dithmenos.
             Mangled by an ogre
             ... wielding a +0 giant club
              (17 damage)
             ... on level 5 of the Dungeon.
             The game lasted 00:21:22 (3783 turns).

An17 the Sneak (Vampire Enchanter)                  Turns: 3783, Time: 00:21:23

Health: -8/34      AC:  2    Str:  7    XL:     6   Next: 56%
Magic:  8/10       EV: 14    Int: 18    God:    Dithmenos [*.....]
Gold:   242        SH:  0    Dex: 16    Spells: 2/10 levels left

rFire    . . .     SeeInvis +   a - +2 dagger
rCold    + + .     Gourm    .   (no shield)
rNeg     + + +     Faith    .   b - +0 robe
rPois    ∞         Spirit   .   (no helmet)
rElec    .         Reflect  .   (no cloak)
rCorr    .         Harm     .   (no gloves)
MR       .....                  (no boots)
Stlth    ++++++....             (no amulet)
HPRegen  0.00/turn              (no ring)
MPRegen  0.12/turn              (no ring)

@: bloodless, wreathed by umbra
A: no food, fangs 3, see invisible, unbreathing
a: Bat Form, Revivify, Renounce Religion


You were on level 5 of the Dungeon.
You worshipped Dithmenos.
Dithmenos was aware of your devotion.
You were bloodless.

You visited 2 branches of the dungeon, and saw 6 of its levels.

You collected 242 gold pieces.

Inventory:

Hand Weapons
 a - a +2 dagger (weapon)
Missiles
 g - 4 boomerangs (quivered)
 m - 16 poisoned darts
Armour
 b - a +0 robe (worn)
 c - a +0 leather armour
 o - a +0 helmet
 p - a +0 ring mail
Wands
 s - a wand of polymorph (8)
Scrolls
 h - 5 scrolls of teleportation
 k - 6 scrolls of identify
 n - 2 scrolls of remove curse
 r - a scroll of amnesia
Potions
 d - 2 potions of lignification {unknown}
 e - 4 potions of might {unknown}
 f - 3 potions of curing {unknown}
 i - 3 potions of heal wounds
 j - a potion of brilliance {unknown}
 l - a potion of magic {unknown}
 q - a potion of resistance {unknown}


   Skills:
 + Level 1.2 Fighting
 + Level 2.6 Short Blades
 * Level 3.9 Dodging
 + Level 7.0 Stealth
 + Level 2.6 Spellcasting
 + Level 6.0 Hexes
 + Level 1.5 Ice Magic


You had 2 spell levels left.
You knew the following spells:

 Your Spells              Type           Power        Failure   Level  Hunger
a - Confusing Touch       Hex            ###.....     4%          3    N/A
b - Ensorcelled Hibernat  Hex/Ice        ###...       5%          2    N/A
c - Tukima's Dance        Hex            ###.....     4%          3    N/A

Your spell library contained the following spells:

 Spells                   Type           Power        Failure   Level  Hunger
 Corona                   Hex            ###....      1%          1    N/A
 Animate Skeleton         Necr           N/A          17%         1    N/A
 Apportation              Tloc           #.....       17%         1    N/A
 Summon Small Mammal      Summ           #...         17%         1    N/A
 Dazzling Flash           Conj/Hex       ##....       14%         3    N/A

Dungeon Overview and Level Annotations

Branches:
Dungeon (5/15)             Temple (1/1) D:4

Altars:
Dithmenos
Elyvilon
Hepliaklqana
Trog
Xom
Zin

Shops:
D:4 ??[%

Portals:
Ossuary: D:5


Innate Abilities, Weirdness & Mutations

You do not eat.
You do not regenerate when monsters are visible.
You are frail without blood (-20% HP).
You can heal yourself when you bite living creatures.
You are immune to poison.
You have razor-sharp teeth.
You have supernaturally acute eyesight. (SInv)
You can survive without breathing.


Message History

You strike the helpless shadow imp from behind!
You puncture the shadow imp!
You kill the shadow imp!
Dithmenos accepts your kill.
k - 6 scrolls of identify (gained 3)
i - 3 potions of heal wounds (gained 1) Magic restored.
Found 19 stones.
You hear the hiss of a distant avalanche of sand.
An ogre comes into view. It is wielding a +0 giant club.
The ogre shouts!
Found a scroll of identify.
Casting: Confusing Touch (safe; 4% risk of failure)
Confirm with . or Enter, or press ? or * to list all spells.
Aiming: Ensorcelled Hibernation (safe; 5% risk of failure)
Press: ? - help, Shift-Dir - straight line, f - ogre
Aim: an ogre, wielding a +0 giant club (umbra, chance to defeat MR: 47%)
The ogre resists with some effort.
The ogre hits you with a +0 giant club!
Ouch! That really hurt!
You die...

...##.####.#.# ####.####
........##.#.# #.......#
........%..#.# #....##.#
##...........# #..####.#
###..#.###### #..# #.#
##..#.########..# #.#
#........†..##..# #.#
#...#.#####.##..# #.#
#...#># ###.##@.####.#
#...#.# #.....O......#
.....#.# #.#.##..###..#
......#.###.#.##..###..#
..##.##...)...##..##...####
.. ..
#.###.####............ . ##
#..........##........#
#.###.##.#......####.# #.#
#.##...###..# #


You could see an ogre.

Vanquished Creatures
  A big kobold (D:4)
  A crimson imp (D:5)
  An orc priest (D:5)
  An iguana (D:4)
  An orc wizard (D:5)
  3 worker ants
  4 adders
  2 shadow imps (D:5)
  An ooze (D:3)
  3 worms
  A dart slug (D:1)
  5 leopard geckos
  7 orcs
  8 bats
  2 giant cockroaches
  6 hobgoblins
  8 jackals
  4 ball pythons
  A frilled lizard (D:2)
  6 goblins
  15 kobolds
  6 rats
87 creatures vanquished.

Notes
Turn   | Place    | Note
-------+----------+-------------------------------------------
     0 | D:1      | An17 the Vampire Enchanter began the quest for the Orb.
     0 | D:1      | Reached XP level 1. HP: 13/13 MP: 3/3
   309 | D:1      | Reached XP level 2. HP: 19/19 MP: 5/5
   313 | D:1      | Learned a level 2 spell: Ensorcelled Hibernation
   679 | D:1      | Reached skill level 5 in Stealth
  1066 | D:2      | Reached skill level 5 in Hexes
  1248 | D:2      | Reached XP level 3. HP: 19/19 MP: 3/6
  1253 | D:2      | Learned a level 3 spell: Tukima's Dance
  1416 | D:2      | Found a shimmering altar of Xom.
  1540 | D:2      | Found a hazy altar of Hepliaklqana.
  1928 | D:3      | Found a bloodstained altar of Trog.
  1974 | D:3      | Reached XP level 4. HP: 24/24 MP: 7/7
  2640 | D:4      | Found a shadowy altar of Dithmenos.
  2653 | D:4      | Became a worshipper of Dithmenos the Shadowed
  2715 | D:4      | Found Seloj's Food Boutique.
  2735 | D:4      | Found Ebiesusk's Antique Armour Emporium.
  2744 | D:4      | Reached skill level 6 in Stealth
  2744 | D:4      | Reached XP level 5. HP: 28/28 MP: 3/8
  2749 | D:4      | Learned a level 3 spell: Confusing Touch
  3015 | D:4      | Reached skill level 1 in Fighting
  3015 | D:4      | Reached skill level 1 in Ice Magic
  3232 | D:4      | Found a staircase to the Ecumenical Temple.
  3242 | Temple   | Entered the Ecumenical Temple
  3270 | D:4      | Found Kod Peid's Magic Scroll Emporium.
  3298 | D:4      | Found Oneemnie's Magic Scroll Shop.
  3407 | D:5      | Entered Level 5 of the Dungeon
  3433 | D:5      | Reached XP level 6. HP: 34/34 MP: 5/9
  3460 | D:5      | Found a sand-covered staircase.
  3693 | D:5      | Reached * piety under Dithmenos
  3693 | D:5      | Reached skill level 7 in Stealth
  3783 | D:5      | Mangled by an ogre

Levels and vault maps discovered:
D:1:      dpeg_arrival_snail, layout_basic
D:2:      layout_loops_corners, lemuel_coloured_pillars_altar, first_ration,
          xom_teletrap_fun
D:3:      layout_basic, nicolae_overflow_crystal_walls
D:4:      cheibrodos_thug_alley, layout_rooms, minmay_temple_entry_waves,
          serial_shops, nicolae_shop_overgrown_old_shop, nicolae_shop_crystal,
          kennysheep_mini_moat, nicolae_shop_statue_plus,
          palyth_stone_intersect, corexii_item_surrounded_by_moat,
          nicolae_dithmenos_shadow_blocks
D:5:      layout_loops_ring, grunt_temple_overflow_open, grunt_qazlal_sundering,
          enter_ossuary_1, goddamned_bats
Temple:   cyrus_circular_temple

Skill      XL: |  1  2  3  4  5  6 |
---------------+-------------------+-----
Stealth        | 5 6 7 |  7.0
Hexes          | 5 6 |  6.0
Dodging        | 3 |  3.9
Short Blades   | 2 |  2.6
Fighting       | 1 |  1.2
Ice Magic      | 1 |  1.5
Spellcasting   | |  2.6

Action                   |  1- 3 |  4- 6 || total
-------------------------+-------+-------++-------
Melee: Dagger            |    98 |   124 ||   222
       Bite              |     5 |    12 ||    17
 Cast: Ensorcelled Hiber |    15 |    56 ||    71
       Confusing Touch   |       |     1 ||     1
 Abil: Exsanguinate      |     1 |       ||     1
  Use: Scroll            |     4 |     2 ||     6
       Potion            |     1 |       ||     1
 Stab: Sleeping          |    19 |    38 ||    57
       Confused          |       |     1 ||     1
Armor: Robe              |    13 |     8 ||    21
Dodge: Dodged            |    57 |    66 ||   123

Table legend:
 A = Non-vault XP
 B = Vault XP
 C = Vault XP percentage of total XP
 D = Non-vault monster count
 E = Vault monster count
 F = Vault count percentage of total count
                 A         B        C        D         E       F
            +---------+---------+-------+---------+---------+-------
      Total |     464 |     116 |  20.0 |      76 |      11 |  12.6
            +---------+---------+-------+---------+---------+-------
        D:1 |      28 |       0 |   0.0 |      17 |       0 |   0.0
        D:2 |      57 |       0 |   0.0 |      17 |       0 |   0.0
        D:3 |      77 |       0 |   0.0 |      29 |       0 |   0.0
        D:4 |     119 |     116 |  49.4 |       5 |      11 |  68.8
        D:5 |     183 |       0 |   0.0 |       8 |       0 |   0.0
            +---------+---------+-------+---------+---------+-------
